 Dungeon Crawl Stone Soup version 0.21.0-3-g78d12a8 (webtiles) character file.

181 MTVSty1e the Cudgeler (level 5, -7/32 HPs)
             Began as a Gargoyle Summoner on Jan 8, 2018.
             Mangled by a crocodile (15 damage)
             ... in a sewer.
             The game lasted 00:06:42 (4078 turns).

MTVSty1e the Cudgeler (Gargoyle Summoner)           Turns: 4078, Time: 00:06:43

Health: -7/32      AC: 11    Str: 13    XL:     5   Next: 61%
Magic:  8/8        EV:  9    Int: 15    God:
Gold:   34         SH:  0    Dex: 10    Spells: 7/8 levels left

rFire    + . .     SeeInvis .   k - +0 mace
rCold    . . .     Gourm    .   (no shield)
rNeg     + . .     Faith    .   h - +0 scale mail
rPois    ∞         Spirit   .   l - +1 hat
rElec    +         Reflect  .   (no cloak)
rCorr    .         Harm     .   (no gloves)
MR       .....                  (no boots)
Stlth    ..........             (no amulet)
HPRegen  0.10/turn              j - ring of protection from fire
MPRegen  0.11/turn              (no ring)

@: hasted, very quick
A: negative energy resistance 1, electricity resistance, unbreathing,
petrification resistance, rot immunity, AC +4
a: no special abilities


You were in a sewer.
You were hungry.

You visited 1 branch of the dungeon, and saw 3 of its levels.
You also visited: Sewer.

You collected 34 gold pieces.

Inventory:

Hand Weapons
 k - a +0 mace (weapon)
Armour
 h - a +0 scale mail (worn)
 l - a +1 hat (worn)
Jewellery
 j - a ring of protection from fire (left hand)
Wands
 n - a wand of enslavement (7)
Scrolls
 a - a scroll of identify
Books
 b - a book of Callings

   Spells                             Type                      Level
   a - Summon Small Mammal            Summoning                    1
   b - Call Imp                       Summoning                    2
   c - Call Canine Familiar           Summoning                    3
   d - Summon Guardian Golem          Hexes/Summoning              3
   e - Summon Lightning Spire         Summoning/Air                4
   f - Summon Ice Beast               Ice/Summoning                4
Comestibles
 c - 4 rations


   Skills:
 + Level 3.1 Fighting
 * Level 4.1 Maces & Flails
 - Level 1.5 Dodging
 - Level 2.1 Stealth
 - Level 2.0 Spellcasting
 - Level 3.6 Summonings


You had 7 spell levels left.
You knew the following spells:

 Your Spells              Type           Power        Failure   Level  Hunger
a - Summon Small Mammal   Summ           ##..         26%         1    #......


Dungeon Overview and Level Annotations

Branches:
Dungeon (3/15)

Altars:

Annotations:
D:3 Gandalfino's ghost, amateur MiMo


Innate Abilities, Weirdness & Mutations

You are resistant to torment.
Your stone body is resilient. (AC +4)
You are immune to poison.
You resist negative energy. (rN+)
You are resistant to electric shocks. (rElec)
You can survive without breathing.
You are immune to petrification.
You are immune to rotting.


Message History

The crocodile bites you but does no damage.
You closely miss the crocodile.
The crocodile is heavily wounded.
The crocodile bites you.
* * * LOW HITPOINT WARNING * * *
You hit the crocodile but do no damage.
The crocodile is heavily wounded.
The crocodile bites you but does no damage.
You hit the crocodile.
The crocodile is severely wounded.
You hit the crocodile but do no damage.
The crocodile is severely wounded.
The crocodile completely misses you.
You hit the crocodile but do no damage.
The crocodile is severely wounded.
The crocodile barely misses you.
You closely miss the crocodile.
The crocodile is severely wounded.
The crocodile bites you!
You die...

########
###.≈....###
###...≈..≈≈..###
###.≈≈≈≈####.≈..@#
#...≈≈###
###...t.# ≈.≈.≈##
##.≈≈...# #.....#
.≈≈≈≈### ###..≈.≈#
....##.[ ###.≈≈..
...### $(# ##.≈.
≈.## ## ######


You could see a crocodile.

Vanquished Creatures
  4 gnolls
  5 adders
  2 worms
  3 dart slugs
  A leopard gecko (D:1)
  A ball python (D:2)
  4 bats
  3 goblins
  9 hobgoblins
  10 jackals
  A quokka (D:2)
  3 frilled lizards (D:2)
  9 kobolds
  8 rats
63 creatures vanquished.

Vanquished Creatures (collateral kills)
  A crimson imp (D:3)
  An adder (D:3)
  A giant cockroach (D:3)
  A ball python (D:3)
4 creatures vanquished.

Grand Total: 67 creatures vanquished

Notes
Turn   | Place    | Note
-------+----------+-------------------------------------------
     0 | D:1      | MTVSty1e the Gargoyle Summoner began the quest for the Orb.
     0 | D:1      | Reached XP level 1. HP: 10/10 MP: 3/3
   352 | D:1      | Reached skill level 1 in Fighting
   352 | D:1      | Reached skill level 1 in Maces & Flails
   352 | D:1      | Reached XP level 2. HP: 16/16 MP: 5/5
  1104 | D:2      | Reached XP level 3. HP: 19/20 MP: 6/6
  1106 | D:2      | Reached skill level 2 in Maces & Flails
  1832 | D:2      | Reached XP level 4. HP: 26/26 MP: 7/7
  2158 | D:1      | Reached skill level 3 in Maces & Flails
  3409 | D:2      | Reached XP level 5. HP: 22/31 MP: 8/8
  3596 | D:3      | Noticed Gandalfino's ghost (amateur MiMo)
  3648 | D:3      | Reached skill level 4 in Maces & Flails
  3653 | D:3      | Found a glowing drain.
  3659 | Sewer    | Entered a sewer
  4062 | Sewer    | Noticed a crocodile
  4078 | Sewer    | Mangled by a crocodile

Skill      XL: |  1  2  3  4  5 |
---------------+----------------+-----
Fighting       | 1 2 3 |  3.1
Maces & Flails | 1 2 3 4 |  4.1
Dodging        | |  1.5
Stealth        | |  2.1
Spellcasting   | |  2.0
Summonings     | |  3.6

Action                   |  1- 3 |  4- 6 || total
-------------------------+-------+-------++-------
Melee: Club              |    25 |       ||    25
       Spear             |     2 |       ||     2
       Mace              |   154 |   198 ||   352
Evoke: Wand              |       |     2 ||     2
  Use: Potion            |     2 |     2 ||     4
       Scroll            |       |     7 ||     7
  Eat: Ration            |     1 |     2 ||     3
Armor: Robe              |     6 |       ||     6
       Scale mail        |   122 |   149 ||   271
       Skin              |    23 |       ||    23
Dodge: Dodged            |   109 |   165 ||   274
